 Dungeon Crawl Stone Soup version 0.31-a0-229-g1fc7ce93e2 (webtiles) character file.

Game seed: 15089064941112291878

2162 benadryl the Thaumaturge (level 9, -9/55 HPs)
             Began as a Deep Elf Earth Elementalist on July 6, 2023.
             Was a Priest of Vehumet.
             Mangled by a yak (12 damage)
             ... on level 7 of the Dungeon.
             The game lasted 00:10:09 (5676 turns).

benadryl the Thaumaturge (DEEE)                     Turns: 5676, Time: 00:10:09

Health: -9/55      AC:  4    Str:  5    XL:     9   Next: 10%
Magic:  22/24      EV: 12    Int: 28    God:    Vehumet [***...]
Gold:   278        SH:  0    Dex: 15    Spells: 20/26 levels left

rFire   . . .        j - +7 long sword "Toweom" {elec, Int+3}
rCold   . . .        (no shield)
rNeg    . . .        a - +0 robe
rPois   .            (no helmet)
rElec   .            (no cloak)
rCorr   .            (no gloves)
SInv    .            d - +1 pair of boots
Will    .....        (no amulet)
Stlth   ++           (no ring)
HPRegen 0.29/turn    (no ring)
MPRegen 0.19/turn

%: no passive effects
@: no status effects
A: no striking features
a: Renounce Religion


You were on level 7 of the Dungeon.
You worshipped Vehumet.
Vehumet was most pleased with you.
You visited 1 branch of the dungeon, and saw 7 of its levels.
You also visited: Sewer.

You collected 278 gold pieces.

Inventory:

Hand Weapons
 c - a +0 dagger
 j - the +7 long sword "Toweom" (weapon) {elec, Int+3}
   (You found it in a sewer)

   Int:       It affects your intelligence (+3).
Armour
 a - a +0 robe (worn)
 d - a +1 pair of boots (worn)
Wands
 n - a wand of polymorph (14)
Scrolls
 g - 2 scrolls of amnesia
 m - a scroll of blinking
 p - a scroll of revelation
Potions
 b - a potion of magic
 e - a potion of brilliance
 f - 2 potions of attraction
 h - 2 potions of haste
 i - a potion of lignification {unknown}
 k - 5 potions of enlightenment
 l - a potion of curing {@q1}
 o - a potion of might
 q - 2 potions of heal wounds {unknown}


   Skills:
 * Level 5.8 Fighting
 - Level 2.4 Dodging
 - Level 2.4 Stealth
 - Level 9.2 Spellcasting
 - Level 1.1 Transmutations
 + Level 8.4 Earth Magic


You had 20 spell levels left.
You knew the following spells:

 Your Spells              Type           Power      Damage    Failure   Level
a - Sandblast             Erth           100%       2d20      1%          1
b - Passwall              Tmut/Erth      32%        N/A       1%          2
c - Stone Arrow           Conj/Erth      72%        3d11      1%          3

Your spell library contained the following spells:

 Spells                   Type           Power      Damage    Failure   Level
 Inner Flame              Hex/Fire       12%        N/A       3%          3
 Shock                    Conj/Air       48%        1d6       1%          1
 Petrify                  Tmut/Erth      39%        N/A       6%          4
 Airstrike                Air            6%         2d(1-17)  12%         4
 Ozocubu's Armour         Ice            12%        N/A       13%         3
 Swiftness                Air            12%        N/A       13%         3
 Ozocubu's Refrigeration  Ice            6%         4d8       100%        7


Dungeon Overview and Level Annotations

Branches:
Dungeon (7/15)             Temple (0/1) D:5           Sewer (visited)

Altars:
Dithmenos
Vehumet

Shops:
D:1 !   D:4 !   D:5 :


Message History

Done waiting.
You open the door.
There is an open door here.
You see here 7 stones.
The yak bellows! x3
Aiming: Sandblast (safe; 1% risk of failure)
Press: ? - help, Q - select action, (/) - cycle Shift-Dir - straight line, f - yak
Aim: a yak (91% to hit)
The blast of sand hits the yak.
The yak is lightly wounded.
The yak gores you!
Aiming: Sandblast (safe; 1% risk of failure)
Press: ? - help, Q - select action, (/) - cycle Shift-Dir - straight line, f/p - yak
Aim: a yak (lightly wounded, 91% to hit)
The blast of sand hits the yak.
The yak is moderately wounded.
The yak bellows!
The yak gores you.
You see here 7 stones.
The yak attacks as you move away! The yak gores you!
The yak attacks as you move away! The yak gores you.
There is an open door here.
Aiming: Sandblast (safe; 1% risk of failure)
Press: ? - help, Q - select action, (/) - cycle Shift-Dir - straight line, f/p - yak
Aim: a yak (moderately wounded, 91% to hit)
The blast of sand hits the yak!!
The yak is heavily wounded.
The yak barely misses you. The yak gores you!
* * * LOW HITPOINT WARNING * * *
Casting: Sandblast (safe; 1% risk of failure)
Confirm with . or Enter, or press ? or * to list all spells.
Aiming: Passwall (safe; 1% risk of failure)
Press: ? - help, Dir - move target, p - yak A rock wall.
The yak gores you but does no damage.
You begin to meditate on the wall.
You continue meditating on the rock.
The yak gores you!
* * * LOW HITPOINT WARNING * * *
The yak gores you!
You die...

###..##.######..........#......
.............#..........+......
..........>..#..........#####'#
...............#.................
...............#.................
...............#.................
...######+######.................
...##.....##..####+#....#########
...#..........#.@..#....#..... #
...#..........#YY..#....#.... #
...#..........#Y...#..>.#.>.# #
...#....(..Y.YY....#....#...#####
...'..........#....'....#...##..#
...##.....##..######....#...#....
...############.........#...##...
....# #.....#####'####... .Y..#
#.....'.......##...


You could see 4 yaks.

Vanquished Creatures
  A steam dragon (D:7)
  Menkaure (D:5)
  A water moccasin (D:6)
  Duvessa (D:6)
  An ice beast (D:7)
  A black bear (D:6)
  3 ogres
  2 phantoms
  A kobold brigand (D:7)
  Blork the orc (D:5)
  A bullfrog (Sewer)
  A scorpion (D:6)
  4 wights (D:6)
  Dowan (D:6)
  A howler monkey (D:5)
  An orc priest (D:3)
  2 hounds (D:6)
  A jelly (D:5)
  A sleepcap (D:5)
  2 iguanas
  An orc wizard (D:5)
  7 gnolls
  13 adders
  A shadow imp (D:7)
  A white imp (D:5)
  A dart slug (D:1)
  2 worms (D:4)
  19 orcs
  15 ball pythons
  4 endoplasms
  11 giant cockroaches
  7 goblins
  10 hobgoblins
  4 jackals (D:2)
  11 quokkas
  3 bats
  18 frilled lizards
  11 kobolds
  4 rats
171 creatures vanquished.

Notes
Turn   | Place    | Note
-------+----------+-------------------------------------------
     0 | D:1      | benadryl the Deep Elf Earth Elementalist began the quest
                  | for the Orb.
     0 | D:1      | Reached XP level 1. HP: 10/10 MP: 6/6
   382 | D:1      | Reached XP level 2. HP: 15/15 MP: 6/8
   788 | D:1      | Found a faded altar of an unknown god.
   840 | D:1      | Reached skill level 4 in Spellcasting
   879 | D:1      | Found Qaegiso's Distillery.
  1108 | D:2      | Reached XP level 3. HP: 17/19 MP: 7/10
  1111 | D:2      | Learned a level 2 spell: Passwall
  1357 | D:2      | Found a radiant altar of Vehumet.
  1392 | D:2      | Became a worshipper of Vehumet
  1477 | D:2      | Reached skill level 5 in Spellcasting
  1639 | D:2      | Reached XP level 4. HP: 20/24 MP: 8/13
  1975 | D:3      | Found a shadowy altar of Dithmenos.
  2341 | D:3      | Noticed a phantom
  2348 | D:3      | Killed a phantom
  2349 | D:3      | Reached skill level 6 in Spellcasting
  2349 | D:3      | Reached XP level 5. HP: 13/28 MP: 9/16
  2591 | D:4      | Reached skill level 5 in Earth Magic
  2593 | D:4      | Reached skill level 7 in Spellcasting
  2669 | D:4      | Reached * piety under Vehumet
  2669 | D:4      | Offered knowledge of Freeze by Vehumet.
  2700 | D:4      | Found a glowing drain.
  2702 | D:4      | Noticed an ogre
  2707 | D:4      | Killed an ogre
  2708 | D:4      | Reached XP level 6. HP: 32/32 MP: 13/18
  2717 | Sewer    | Entered a sewer
  2896 | Sewer    | Reached ** piety under Vehumet
  2896 | Sewer    | Offered knowledge of Foxfire by Vehumet.
  2959 | Sewer    | Reached skill level 8 in Spellcasting
  2961 | Sewer    | Identified the +7 long sword "Toweom" {elec, Int+3}
  3050 | D:4      | Found Keuc's Distillery.
  3057 | D:4      | Identified the +5 war axe "Kusy" {antimagic, rElec}
  3395 | D:5      | Entered Level 5 of the Dungeon
  3395 | D:5      | Noticed Menkaure
  3395 | D:5      | Found Etran's Vocational Training.
  3400 | D:5      | Killed Menkaure
  3401 | D:5      | Reached XP level 7. HP: 36/36 MP: 17/21
  3485 | D:5      | Reached skill level 9 in Spellcasting
  3573 | D:5      | Reached skill level 1 in Fighting
  3626 | D:5      | Offered knowledge of Frozen Ramparts by Vehumet.
  3635 | D:5      | Learned a level 3 spell: Stone Arrow
  3759 | D:5      | Noticed Blork the orc
  3766 | D:5      | Killed Blork the orc
  3767 | D:5      | Reached XP level 8. HP: 32/45 MP: 20/23
  3813 | D:5      | Found a staircase to the Ecumenical Temple.
  4103 | D:6      | Reached *** piety under Vehumet
  4548 | D:6      | Noticed Dowan
  4549 | D:6      | Noticed Duvessa
  4556 | D:6      | Killed Duvessa
  4556 | D:6      | Offered knowledge of Inner Flame by Vehumet.
  4557 | D:6      | Reached skill level 5 in Fighting
  4558 | D:6      | Killed Dowan
  5102 | D:7      | Reached XP level 9. HP: 39/55 MP: 22/24
  5676 | D:7      | Mangled by a yak

Illustrated notes

Levels and vault maps discovered:
D:1:      matt_arrival_diagonals, layout_basic, serial_shops,
          nicolae_shop_peninsula, shapermc_ecumenical_altar_ellora
D:2:      layout_basic, basic_altar, amethyst_killhole
D:3:      layout_basic, nicolae_dithmenos_the_darkroom
D:4:      layout_rooms, serial_shops, nicolae_shop_getting_attention,
          cheibrodos_sewer_entry_drain, hex_intersection
D:5:      layout_rooms, temple_fountains, nicolae_shop_vocational,
          uniq_menkaure, uniq_blork_the_orc
D:6:      layout_cave_pods, uniq_duvessa
D:7:      layout_gridville, minmay_small_thing

Skill      XL: |  1  2  3  4  5  6  7  8 |
---------------+-------------------------+-----
Spellcasting   | 4 5 6 7 8 9 |  9.2
Earth Magic    | 4 5 6 8 |  8.4
Fighting       | 2 5 |  5.8
Dodging        | |  2.4
Stealth        | |  2.4
Transmutations | |  1.1

Action                     |  1- 3 |  4- 6 |  7- 9 || total
---------------------------+-------+-------+-------++-------
  Melee: Dagger            |     5 |       |       ||     5
         Long sword        |       |     1 |       ||     1
   Cast: Sandblast         |    51 |   106 |   101 ||   258
         Passwall          |       |       |     1 ||     1
    Use: Scroll            |       |     7 |     7 ||    14
         Potion            |       |       |     1 ||     1
   Stab: Sleeping          |     1 |       |       ||     1
 Armour: Robe              |     5 |    13 |     7 ||    25
  Dodge: Dodged            |    20 |    32 |    21 ||    73

Table legend: (Time is in decaauts)
 A = Elapsed time spent in this place.
 B = Non-inter-level travel time spent in this place.
 C = Inter-level travel time spent in this place.
 D = Time resting spent in this place.
 E = Time spent auto-exploring this place.
 F = Levels seen in this place.
 G = Mean time per level.
                   A        B        C        D        E       F      G
               +--------+--------+--------+--------+--------+-----+--------+
         Total |   5859 |   5721 |    138 |    544 |   3978 |   8 |  732.4 |
       Dungeon |   5508 |   5370 |    138 |    498 |   3978 |   7 |  786.9 |
         Sewer |    350 |    350 |      0 |     46 |      0 |   1 |  350.0 |
               +--------+--------+--------+--------+--------+-----+--------+

Top non-repeatable levels by time:
     D:1: 1076 daAuts
     D:6: 916 daAuts
     D:2: 829 daAuts
     D:5: 728 daAuts
     D:3: 716 daAuts
     D:7: 668 daAuts
     D:4: 572 daAuts
   Sewer: 350 daAuts
